 Dungeon Sprint DCSS version 0.27.1-33-g824d729ab1 (webtiles) character file.

Game seed: 7720439867073510871

272391 manyhoops the Executioner (level 12, 114/129 HPs)
             Began as a Deep Dwarf Berserker on Nov 29, 2021.
             Was the Champion of Trog.
             Escaped with the Orb!
             The game lasted 00:11:26 (1961 turns).

manyhoops the Executioner (Deep Dwarf Berserker)    Turns: 1961, Time: 00:11:26

Health: 114/129    AC: 18    Str: 26    XL:     12   Next: 27%
Magic:  10/10      EV:  9    Int:  8    God:    Trog [******]
Gold:   509        SH:  5    Dex: 12    Spells: 25/25 levels left

rFire    + . .     SeeInvis .   n - +3 executioner's axe
rCold    . . .     Faith    .   (shield currently unavailable)
rNeg     . . .     Spirit   .   i - +3 chain mail {rF+}
rPois    .         Reflect  +   (no helmet)
rElec    +         Harm     .   (no cloak)
rCorr    .         Rampage  .   p - +1 pair of gloves "Bocaf" {rElec Slay+2}
Will     +....     NoTele   +   (no boots)
Stlth    ..........             l - amulet of reflection
HPRegen  0.00/turn              (no ring)
MPRegen  0.12/turn              (no ring)

@: no status effects
A: damage resistance, heal wounds, sense surroundings 2, no regeneration
0: Orb of Zot
a: Heal Wounds, Renounce Religion, Berserk, Trog's Hand, Brothers in Arms


You escaped.
You worshipped Trog.
Trog was exalted by your worship.
You visited 1 branch You collected 1860 gold pieces.
You spent 1351 gold pieces at shops.

Inventory:

Hand Weapons
 h - a +3 antimagic battleaxe
 m - a +2 vorpal broad axe
 n - a +3 executioner's axe (weapon)
Armour
 i - a +3 chain mail of fire resistance (worn)
 p - the +1 pair of gloves "Bocaf" (worn) {rElec Slay+2}
   (You bought it in a shop in the Dungeon)

   Slay:      It affects your accuracy & damage with ranged weapons and melee
   (+2).
   rElec:     It insulates you from electricity.
Jewellery
 l - an amulet of reflection (around neck)
Scrolls
 e - 2 scrolls of magic mapping
 o - a scroll of fog
 q - 2 scrolls of torment
 s - a scroll of vulnerability {unknown}
Potions
 a - a potion of ambrosia {unknown}
 b - 4 potions of curing
 c - a potion of attraction {unknown}
 d - 4 potions of heal wounds
 f - 2 potions of magic
 g - a potion of berserk rage
 j - a potion of invisibility {unknown}
 k - a potion of flight {unknown}
Miscellaneous
 r - a lightning rod (4/4)


   Skills:
 - Level 14.6 Fighting
 + Level 23.3 Axes
 - Level 12.4 Armour
 - Level 2.1 Dodging
 - Level 7.3 Spellcasting


You had 25 spell levels left.
You didn't know any spells.
Your spell library was empty.

Dungeon Overview and Level Annotations

Branches:
Dungeon (1/1)

Altars:
Cheibriados
Dithmenos
Elyvilon
Fedhas
Gozag
Hepliaklqana
Kikubaaqudgha
Makhleb
Nemelex Xobeh
Okawaru
Qazlal
Ru
Sif Muna
Trog
Uskayaw
Vehumet
Wu Jian
Xom
Yredelemnul
Zin
The Shining One
Jiyva
Lugonu

Shops:
D *==[**([((:?*::[[

Annotations:
D Tiamat


Innate Abilities, Weirdness & Mutations

You are resistant to damage.
You can heal yourself by infusing magical energy.
You passively map the area around you.
You do not regenerate.


Message History

Your Axes skill increases to level 23!
h - a +3 antimagic battleaxe You feel a strong urge to attack something.
You feel your anger nearly subside.
You are no longer berserk.
You are exhausted.
You feel yourself slow down.
Okay, then.
The daeva shouts!
The daeva calls down the wrath of the Shining One upon you.
The Shining One smites you!
The daeva calls down the wrath of the Shining One upon you.
The Shining One smites you!
The daeva calls down the wrath of the Shining One upon you.
The Shining One smites you!
There is an open door here.
You feel much better.
There is an open door, spattered with blood here.
You see here a +0 battleaxe.
There is an open door here.
You feel yourself speed up.
There is an open door here.
You see here a +1 battleaxe.
Things that are here:
a +0 dagger; a +0 robe
There is an open door, spattered with blood here.
There is an open door here.
You recover from your berserk rage.
There is an open door here.
Things that are here:
a +0 longbow; 11 arrows
There is an open door here.
Things that are here:
a +0 scythe; a +0 robe
There is an open door, spattered with blood here.
There is an open door, spattered with blood here.
You see here a +0 giant club.
You see here a +0 club.
There is an open door here.
There is a staircase leading out of the dungeon here.
You have escaped!

##################
#@.#..)..#..').#__
#..').#..').#..'..
#..#####'#####'#__
#..####..#...#.###
#..#__####..##.#≈≈
#..#_____##'#_.§≈≈
#⌠⌠#_.∩...'..._#≈≈
####_..__##_.#'##§
*,,#_____###+#.#§§


There were no monsters in sight!

Vanquished Creatures
  A Brimstone Fiend (D)
  4 fire giants (D)
  2 centaur warriors (D)
  Sonja (D)
  A deep troll (D)
  A lindwurm (D)
  An oklob plant (D)
  A gargoyle (D)
  7 unseen horrors (D)
  2 kobold demonologists (D)
  4 demonic crawlers (D)
  A slime creature (D)
  A hornet (D)
  Sigmund (D)
  2 redbacks (D)
  A yak (D)
  13 hogs (D)
  2 floating eyes (D)
  An ogre (D)
  7 necrophages (D)
  8 jellies (D)
  Ijyb (D)
63 creatures vanquished.

Vanquished Creatures (others)
  A hornet (D)
  2 ballistomycete spores (D)
3 creatures vanquished.

Grand Total: 66 creatures vanquished

Notes
Turn   | Place    | Note
-------+----------+-------------------------------------------
     0 | D        | manyhoops the Deep Dwarf Berserker began the quest for the
                  | Orb.
     0 | D        | Reached XP level 1. HP: 20/20 MP: 1/1
     1 | D        | Noticed Ijyb
     7 | D        | Killed Ijyb
     8 | D        | Reached skill level 7 in Axes
     8 | D        | Reached XP level 2. HP: 27/27 MP: 2/2
   154 | D        | Noticed an ogre
   163 | D        | Killed an ogre
   164 | D        | Reached skill level 10 in Axes
   164 | D        | Reached XP level 3. HP: 16/33 MP: 3/3
   164 | D        | Reached XP level 4. HP: 19/40 MP: 4/4
   233 | D        | Noticed Sigmund
   244 | D        | Killed Sigmund
   244 | D        | Reached ** piety under Trog
   245 | D        | Reached XP level 5. HP: 46/46 MP: 5/5
   245 | D        | Reached XP level 6. HP: 55/55 MP: 6/6
   260 | D        | Found an ornate altar of the Wu Jian Council.
   260 | D        | Found a shimmering blue altar of Sif Muna.
   262 | D        | Found a radiant altar of Vehumet.
   321 | D        | Found Tyacaycu's Jewellery Emporium.
   321 | D        | Found an ancient bone altar of Kikubaaqudgha.
   321 | D        | Found a hazy altar of Hepliaklqana.
   321 | D        | Found a stormy altar of Qazlal.
   321 | D        | Found a hide-covered altar of Uskayaw.
   321 | D        | Found a blossoming altar of Fedhas.
   321 | D        | Found a bloodstained altar of Trog.
   321 | D        | Found an iron altar of Okawaru.
   321 | D        | Found a basalt altar of Yredelemnul.
   321 | D        | Found a glowing golden altar of the Shining One.
   321 | D        | Found a snail-covered altar of Cheibriados.
   321 | D        | Found a sacrificial altar of Ru.
   321 | D        | Found a glowing silver altar of Zin.
   321 | D        | Found a shadowy altar of Dithmenos.
   321 | D        | Found a white marble altar of Elyvilon.
   321 | D        | Noticed a yak
   328 | D        | Killed a yak
   329 | D        | Found an opulent altar of Gozag.
   330 | D        | Found a sparkling altar of Nemelex Xobeh.
   394 | D        | Found a burning altar of Makhleb.
   394 | D        | Found a viscous altar of Jiyva.
   394 | D        | Found a shimmering altar of Xom.
   394 | D        | Found a corrupted altar of Lugonu.
   394 | D        | Noticed a slime creature
   402 | D        | Killed a slime creature
   403 | D        | Reached XP level 7. HP: 76/76 MP: 5/5
   474 | D        | Bought an amulet of reflection for 390 gold pieces
   489 | D        | Noticed a centaur warrior
   502 | D        | Noticed a kobold demonologist
   503 | D        | Noticed a kobold demonologist
   505 | D        | Reached *** piety under Trog
   506 | D        | Reached skill level 11 in Axes
   509 | D        | Noticed an orange demon
   511 | D        | Noticed an orange demon
   513 | D        | Noticed a sixfirhy
   519 | D        | Killed a kobold demonologist
   520 | D        | Reached skill level 10 in Fighting
   521 | D        | Killed a kobold demonologist
   521 | D        | Reached **** piety under Trog
   522 | D        | Reached skill level 12 in Axes
   522 | D        | Reached skill level 10 in Armour
   522 | D        | Reached XP level 8. HP: 12/88 MP: 5/5
   576 | D        | Noticed a centaur warrior
   604 | D        | Killed a centaur warrior
   605 | D        | Reached skill level 13 in Axes
   672 | D        | Killed a centaur warrior
   673 | D        | Reached skill level 14 in Axes
   673 | D        | Gained mutation: You passively map the area around you.
                  | [Deep Dwarf growth]
   673 | D        | Reached XP level 9. HP: 99/99 MP: 5/5
   681 | D        | Noticed a deep troll
   681 | D        | Noticed an oklob plant
   703 | D        | Paralysed by a hornet for 3 turns
   720 | D        | Killed a deep troll
   721 | D        | Reached skill level 15 in Axes
   802 | D        | Found Soupei's Armour Emporium.
   840 | D        | Killed an oklob plant
   901 | D        | Reached ***** piety under Trog
   904 | D        | Reached XP level 10. HP: 105/110 MP: 4/4
   987 | D        | Bought a +3 chain mail of fire resistance for 344 gold
                  | pieces
  1007 | D        | Noticed Sonja
  1012 | D        | Killed Sonja
  1013 | D        | Reached skill level 16 in Axes
  1047 | D        | Found Xemmepha's General Store.
  1153 | D        | Received a gift from Trog
  1289 | D        | Received a gift from Trog
  1293 | D        | Identified the +4 hand crossbow "Lugyhang" {venom, rElec
                  | rN++ Will- Int+8}
  1309 | D        | Found Jolaennys's Antique Armour Shoppe.
  1309 | D        | Found Ladwicoe's Jewellery Shop.
  1309 | D        | Found Foelov's General Store.
  1311 | D        | Found Carusil's General Store.
  1311 | D        | Found Pusy's Antique Weapon Shop.
  1311 | D        | Found Coicar's Armour Shoppe.
  1311 | D        | Found Aruptem's Weapon Boutique.
  1311 | D        | Found Yrano's Weapon Emporium.
  1311 | D        | Found Layxkig's Book Shop.
  1311 | D        | Found Zogugady's Magic Scroll Shoppe.
  1314 | D        | Found Westruwk's General Store.
  1315 | D        | Bought a scroll of fog for 28 gold pieces
  1315 | D        | Bought a potion of heal wounds for 70 gold pieces
  1315 | D        | Found Vuygadd's Book Emporium.
  1315 | D        | Found Ipnir's Book Boutique.
  1316 | D        | Found Liacwair's Antique Armour Emporium.
  1317 | D        | Bought the +1 pair of gloves "Bocaf" {rElec Slay+2} for 414
                  | gold pieces
  1326 | D        | Bought a scroll of blinking for 105 gold pieces
  1384 | D        | Received a gift from Trog
  1385 | D        | Reached skill level 5 in Spellcasting
  1402 | D        | Noticed a gargoyle
  1406 | D        | Killed a gargoyle
  1429 | D        | Noticed a lindwurm
  1434 | D        | Killed a lindwurm
  1435 | D        | Reached XP level 11. HP: 111/121 MP: 9/14
  1488 | D        | Reached skill level 17 in Axes
  1499 | D        | Reached ****** piety under Trog
  1507 | D        | Reached skill level 18 in Axes
  1508 | D        | Received a gift from Trog
  1535 | D        | Noticed a daeva
  1547 | D        | Reached skill level 19 in Axes
  1603 | D        | HP: 3/121 [daeva/divine providence (10)]
  1723 | D        | Noticed a fire giant
  1735 | D        | Killed a fire giant
  1735 | D        | Received a gift from Trog
  1736 | D        | Reached skill level 20 in Axes
  1781 | D        | Noticed a fire giant
  1796 | D        | Killed a fire giant
  1797 | D        | Reached skill level 21 in Axes
  1803 | D        | Noticed a fire giant
  1818 | D        | Killed a fire giant
  1859 | D        | Noticed a fire giant
  1869 | D        | Killed a fire giant
  1870 | D        | Reached skill level 22 in Axes
  1870 | D        | Reached XP level 12. HP: 49/129 MP: 10/10
  1885 | D        | Found the +4 dragonskin cloak
  1885 | D        | Noticed Tiamat
  1894 | D        | Got the Orb of Zot
  1905 | D        | Noticed a Brimstone Fiend
  1911 | D        | Killed a Brimstone Fiend
  1911 | D        | Received a gift from Trog
  1912 | D        | Reached skill level 23 in Axes
  1961 | D        | Escaped with the Orb!

Illustrated notes

Levels and vault maps discovered:
D:        dungeon_sprint_1 [red_sonja_temple_1, red_sonja_temple_small_1]

Skill      XL: |  1  2  3  4  5  6  7  8  9 10 11 12 |
---------------+-------------------------------------+-----
Axes           | 7 10 12 14 15 16 22 23 | 23.3
Armour         | 9 10 11 12 | 12.4
Fighting       | 9 10 12 13 14 | 14.6
Spellcasting   | 7 |  7.3
Dodging        | |  2.1

Action                   |  1- 3 |  4- 6 |  7- 9 | 10-12 || total
-------------------------+-------+-------+-------+-------++-------
Melee: Hand axe          |    12 |    27 |    69 |    25 ||   133
       Broad axe         |       |       |       |    19 ||    19
       Executioner's axe |       |       |       |    94 ||    94
Invok: Berserk           |     2 |     3 |     6 |     9 ||    20
       Trog's Hand       |       |       |     2 |       ||     2
       Brothers in Arms  |       |       |       |     1 ||     1
 Abil: Heal Wounds       |       |     3 |    13 |    25 ||    41
  Use: Potion            |       |       |     2 |       ||     2
       Scroll            |       |       |       |     4 ||     4
Armor: Leather armour    |       |     1 |    12 |       ||    13
       Chain mail        |       |       |       |    85 ||    85
Dodge: Dodged            |     3 |     5 |    38 |    49 ||    95
Block: Other             |       |       |    12 |    30 ||    42
       Reflection        |       |       |     1 |     3 ||     4
